 Dungeon Crawl Stone Soup version 0.29-a0-275-g389c0b56f3 (webtiles) character file.

Game seed: 8421515005310544139

116 pokeman the Magician (level 4, -1/25 HPs)
             Began as a Deep Elf Hedge Wizard on Mar 10, 2022.
             Slain by a hobgoblin (6 damage)
             ... led by Robin
             ... on level 3 of the Dungeon.
             The game lasted 00:03:56 (2367 turns).

pokeman the Magician (Deep Elf Hedge Wizard)        Turns: 2367, Time: 00:03:57

Health: -1/25      AC:  4    Str:  7    XL:     4   Next: 69%
Magic:  9/13       EV: 12    Int: 21    God:
Gold:   170        SH:  0    Dex: 14    Spells: 3/14 levels left

rFire   + + .      SeeInvis .   f - staff of fire
rCold   x . .      Faith    .   (no shield)
rNeg    . . .      Spirit   .   q - +0 leather armour
rPois   .          Reflect  .   b - +0 helmet
rElec   .          Harm     .   e - scarf {repulsion}
rCorr   .          Rampage  .   (no gloves)
Will    .....                   (no boots)
Stlth   ++........              (no amulet)
HPRegen 0.08/turn               a - ring of fire
MPRegen 0.13/turn               (no ring)

@: on blink cooldown, repel missiles
A: no striking features
a: no special abilities


You were on level 3 of the Dungeon.
You visited 1 branch of the dungeon, and saw 3 of its levels.

You collected 170 gold pieces.

Inventory:

Armour
 b - a +0 helmet (worn)
 e - a scarf of repulsion (worn)
 q - a +0 leather armour (worn)
Magical Staves
 f - a staff of fire (weapon)
 l - a staff of poison
Jewellery
 a - a ring of fire (left hand)
 o - an amulet of guardian spirit
Scrolls
 c - a scroll of enchant armour {unknown}
 j - a scroll of noise {unknown}
 k - 2 scrolls of blinking {unknown}
 m - 3 scrolls of identify {unknown}
 r - a scroll of fear {unknown}
 s - a scroll of amnesia {unknown}
Potions
 d - a potion of magic
 g - a potion of curing {unknown}
 h - 3 potions of brilliance {unknown}
 i - a potion of haste {unknown}
 n - a potion of heal wounds {unknown}
 p - 2 potions of mutation {unknown}


   Skills:
 - Level 1.2 Fighting
 - Level 1.2 Armour
 + Level 2.5 Dodging
 - Level 2.4 Stealth
 * Level 5.8 Spellcasting
 + Level 2.3 Conjurations
 - Level 1.1 Summonings
 - Level 1.1 Translocations
 + Level 0.4 Fire Magic


You had 3 spell levels left.
You knew the following spells:

 Your Spells              Type           Power      Damage    Failure   Level
a - Magic Dart            Conj           64%        1d6       5%          1
b - Mephitic Cloud        Conj/Pois/Air  9%         N/A       30%         3
c - Call Imp              Summ           10%        N/A       14%         2
d - Blink                 Tloc           20%        N/A       14%         2
e - Conjure Flame         Conj/Fire      27%        6-21      24%         3

Your spell library contained the following spells:

 Spells                   Type           Power      Damage    Failure   Level
 Slow                     Hex            24%        N/A       14%         1
 Confusing Touch          Hex            6%         N/A       41%         3
 Vampiric Draining        Necr           6%         2d6       41%         3
 Petrify                  Tmut/Erth      6%         N/A       82%         4
 Metabolic Englaciation   Hex/Ice        3%         N/A       99%         5
 Statue Form              Tmut/Erth      4%         N/A       100%        6


Dungeon Overview and Level Annotations

Branches:
Dungeon (3/15)

Altars:

Annotations:
D:3 Robin


Message History

You hit the hobgoblin but do no damage.
The hobgoblin is moderately wounded.
The hobgoblin hits you but does no damage.
The hobgoblin barely misses you.
You barely miss the hobgoblin.
The hobgoblin is moderately wounded.
The hobgoblin hits you. The hobgoblin closely misses you.
You hit the hobgoblin but do no damage.
The hobgoblin is moderately wounded.
The hobgoblin completely misses you.
The hobgoblin hits you but does no damage.
The hobgoblin misses you. x2
Casting: Magic Dart (safe; 5% risk of failure)
Confirm with . or Enter, or press ? or * to list all spells.
You blink.
An endoplasm comes into view.
The endoplasm quivers.
The adder closely misses you.
Robin roars a battlecry!
The goblins go into a battle-frenzy!
The hobgoblin closely misses you. The hobgoblin hits you.
* * * LOW HITPOINT WARNING * * *
The orc closely misses you. The goblin barely misses you.
You barely miss the goblin.
The goblin no longer looks unusually strong.
The adder barely misses you. Robin throws the goblin at you!
The goblin closely misses you. The hobgoblin barely misses you.
The goblin hits you with a +0 club.
* * * LOW HITPOINT WARNING * * *
The hobgoblin barely misses you. The hobgoblin attacks as you move away!
The hobgoblin completely misses you.
Robin roars a battlecry!
The goblins go into a battle-frenzy!
Something barely misses you. The orc misses you.
The hobgoblin barely misses you. The adder bites you but does no damage.
Unknown command.
You barely miss something. The adder bites you but does no damage.
Robin points. "Kill!"
Something hits you but does no damage. The hobgoblin hits you.
You die...

# .. #.# .. #########
##g##.##...@og[### ##
#........J.gSgg.(# #.
..##..##[..gggg#)#####
#. #.......^g........#
#.#
.g...#.......#.###.#
#.# .###..#.......#.#
#.# #.# . ..
#.......#.# #.# #.#
### ####.####.#
#.#####..
#.#..).###...##...


You could see Robin, an adder, an orc, an endoplasm, 4 hobgoblins and 4 goblins.

Vanquished Creatures
  A scorpion (D:2)
  An ufetubus (D:2)
  2 orcs (D:3)
  4 ball pythons (D:1)
  4 bats
  3 endoplasms
  2 giant cockroaches (D:2)
  7 goblins
  6 hobgoblins
  A quokka (D:2)
  2 frilled lizards
  4 kobolds
  7 rats
44 creatures vanquished.

Notes
Turn   | Place    | Note
-------+----------+-------------------------------------------
     0 | D:1      | pokeman the Deep Elf Hedge Wizard began the quest for the
                  | Orb.
     0 | D:1      | Reached XP level 1. HP: 10/10 MP: 7/7
   163 | D:1      | Found a faded altar of an unknown god.
   316 | D:1      | Reached XP level 2. HP: 16/16 MP: 4/9
  1213 | D:2      | Reached skill level 5 in Spellcasting
  1477 | D:2      | Noticed a scorpion
  1479 | D:2      | Reached XP level 3. HP: 20/20 MP: 9/11
  1564 | D:1      | Learned a level 3 spell: Mephitic Cloud
  1567 | D:1      | Learned a level 2 spell: Call Imp
  1570 | D:1      | Learned a level 2 spell: Blink
  1574 | D:1      | Learned a level 3 spell: Conjure Flame
  1632 | D:2      | Killed a scorpion
  1633 | D:2      | Reached skill level 1 in Fighting
  1633 | D:2      | Reached skill level 1 in Armour
  1633 | D:2      | Reached XP level 4. HP: 21/25 MP: 0/13
  2345 | D:3      | Noticed Robin
  2367 | D:3      | Slain by a hobgoblin

Illustrated notes

Levels and vault maps discovered:
D:1:      dpeg_arrival_tiny_a, layout_basic, hellmonk_ecumenical_altar_lost_god
D:2:      layout_loops_ring
D:3:      layout_loops_ring, gammafunk_ghost_cemetery, uniq_robin

Skill      XL: |  1  2  3 |
---------------+----------+-----
Spellcasting   | 5 |  5.8
Fighting       | 1 |  1.2
Armour         | 1 |  1.2
Conjurations   | 2 |  2.3
Dodging        | |  2.5
Stealth        | |  2.4
Summonings     | |  1.1
Translocations | |  1.1
Fire Magic     | |  0.4

Action                   |  1- 3 |  4- 6 || total
-------------------------+-------+-------++-------
Melee: Staff             |     2 |    13 ||    15
 Cast: Magic Dart        |    55 |    29 ||    84
       Conjure Flame     |     1 |       ||     1
       Mephitic Cloud    |     1 |       ||     1
       Blink             |       |     2 ||     2
Armor: Leather armour    |     2 |    12 ||    14
Dodge: Dodged            |     5 |    31 ||    36

Table legend: (Time is in decaauts)
 A = Elapsed time spent in this place.
 B = Non-inter-level travel time spent in this place.
 C = Inter-level travel time spent in this place.
 D = Time resting spent in this place.
 E = Time spent auto-exploring this place.
 F = Levels seen in this place.
 G = Mean time per level.
                   A        B        C        D        E       F      G
               +--------+--------+--------+--------+--------+-----+--------+
         Total |   2368 |   2233 |    135 |     76 |   1843 |   3 |  789.3 |
       Dungeon |   2368 |   2233 |    135 |     76 |   1843 |   3 |  789.3 |
               +--------+--------+--------+--------+--------+-----+--------+

Top non-repeatable levels by time:
     D:1: 1166 daAuts
     D:2: 931 daAuts
     D:3: 271 daAuts
